[Event "Prague Open 2025"]
[Site "Prague"]
[Date "2025.01.11"]
[Round "3.5"]
[White "Horak, Martin"]
[Black "Park, Inchan"]
[Result "1-0"]
[Annotator "RC"]
[ECO "B12"]
[WhiteElo "2357"]
[BlackElo "2075"]
[PlyCount "63"]
[EventDate "2025.01.07"]
[EventType "swiss"]
[EventCountry "CZE"]
[SourceTitle "playchess.com"]
[Source "ChessBase"]
[SourceQuality "1"]
[TimeControl "40/5400+30:1800+30"]

1. e4 c6 2. d4 d5 3. e5 c5 4. Nf3 cxd4 5. Qxd4 Nc6 6. Qf4 e6 7. Bd3 Nb4 8. Bd2 Nxd3+ 9. cxd3 h5 10. Nc3 Bd7 11. h4 Nh6 12. Nd4 Bc5 13. Nce2 Bxd4 14. Nxd4 f6 15. Qg3 Kf7 16. Rc1 Rc8 17. Rxc8 Qxc8 18. O-O Ng4 19. exf6 gxf6 20. Rc1 Qb8 21. Qc7 Rd8 22. Ba5 b6 23. Bb4 Qxc7 24. Rxc7 Ne5 25. Bd6 Kg6 26. Bxe5 fxe5 27. Nf3 Kf5 28. Rxa7 e4 29. dxe4+ dxe4 30. Ng5 Bc6 31. Rf7+ Kg4 32. Nxe6 1-0

[Event "Prague Open 2025"]
[Site "Prague"]
[Date "2025.01.11"]
[Round "3.6"]
[White "Felix, Raphael"]
[Black "Lalic, Bogdan"]
[Result "1/2-1/2"]
[Annotator "RC"]
[ECO "B46"]
[WhiteElo "2127"]
[BlackElo "2321"]
[PlyCount "30"]
[EventDate "2025.01.07"]
[EventType "swiss"]
[EventCountry "CZE"]
[SourceTitle "playchess.com"]
[Source "ChessBase"]
[SourceQuality "1"]
[TimeControl "40/5400+30:1800+30"]

1. e4 c5 2. Nf3 Nc6 3. d4 cxd4 4. Nxd4 e6 5. Nc3 a6 6. Be3 Nf6 7. Qf3 Bb4 8. Nxc6 bxc6 9. Bd4 c5 10. Be5 Bb7 11. Qg3 O-O 12. Bd3 c4 13. Bxc4 Bxe4 14. O-O-O Bxc3 15. Bxc3 d5 1/2-1/2

[Event "Prague Open 2025"]
[Site "Prague"]
[Date "2025.01.11"]
[Round "3.7"]
[White "Salgovic, Simon"]
[Black "Marek, Matyas"]
[Result "1/2-1/2"]
[Annotator "RC"]
[ECO "B42"]
[WhiteElo "2102"]
[BlackElo "2314"]
[PlyCount "24"]
[EventDate "2025.01.07"]
[EventType "swiss"]
[EventCountry "CZE"]
[SourceTitle "playchess.com"]
[Source "ChessBase"]
[SourceQuality "1"]
[TimeControl "40/5400+30:1800+30"]

1. e4 c5 2. Nf3 e6 3. d4 cxd4 4. Nxd4 a6 5. Bd3 b5 6. O-O Bb7 7. a3 Ne7 8. Be3 Nbc6 9. Nc3 d5 10. Nxc6 Bxc6 11. Bc5 Rc8 12. Re1 dxe4 1/2-1/2

[Event "Prague Open 2025"]
[Site "Prague"]
[Date "2025.01.11"]
[Round "3.8"]
[White "Shapovalovi, Vasiko"]
[Black "Vardanyan, Aras"]
[Result "0-1"]
[Annotator "RC"]
[ECO "A05"]
[WhiteElo "2078"]
[BlackElo "2312"]
[PlyCount "94"]
[EventDate "2025.01.07"]
[EventType "swiss"]
[EventCountry "CZE"]
[SourceTitle "playchess.com"]
[Source "ChessBase"]
[SourceQuality "1"]
[TimeControl "40/5400+30:1800+30"]

1. Nf3 Nf6 2. c4 g6 3. b3 Bg7 4. Bb2 O-O 5. g3 b6 6. Bg2 Bb7 7. O-O c5 8. Nc3 d6 9. d3 a6 10. a3 Nbd7 11. Qd2 Qc7 12. b4 e6 13. Rab1 d5 14. cxd5 exd5 15. bxc5 bxc5 16. Rfc1 Bc6 17. e3 Rab8 18. Qc2 Rfc8 19. Ne2 Rb5 20. Nf4 Rcb8 21. Nd2 Qd6 22. Ba1 R8b7 23. Rxb5 Rxb5 24. Nb3 Bf8 25. Bxf6 Nxf6 26. a4 Rb4 27. Nxc5 Qxc5 28. Qxc5 Bxc5 29. Rxc5 Rb1+ 30. Bf1 Bxa4 31. Nxd5 Nxd5 32. Rxd5 Bb5 33. e4 a5 34. Kg2 Kf8 35. Rd8+ Ke7 36. Ra8 a4 37. Be2 Kd6 38. Bf3 Kc5 39. e5 Bxd3 40. g4 Bb5 41. Rd8 Bc4 42. Rc8+ Kd4 43. Ra8 Ra1 44. Bc6 a3 45. Ra4 Kc5 46. Be8 Bd5+ 47. Kh3 a2 0-1

[Event "Prague Open 2025"]
[Site "Prague"]
[Date "2025.01.11"]
[Round "3.9"]
[White "Radzimski, Antoni"]
[Black "Filindash, Nikita"]
[Result "1-0"]
[Annotator "RC"]
[ECO "D35"]
[WhiteElo "2289"]
[BlackElo "2072"]
[PlyCount "73"]
[EventDate "2025.01.07"]
[EventType "swiss"]
[EventCountry "CZE"]
[SourceTitle "playchess.com"]
[Source "ChessBase"]
[SourceQuality "1"]
[TimeControl "40/5400+30:1800+30"]

1. c4 e6 2. Nc3 d5 3. d4 Nf6 4. cxd5 exd5 5. Bg5 Be7 6. e3 O-O 7. Bd3 c6 8. Qc2 Nbd7 9. Nge2 Re8 10. O-O h6 11. Bh4 Ne4 12. Bxe7 Qxe7 13. Bxe4 dxe4 14. a3 Nf6 15. b4 b6 16. Rfc1 Bb7 17. Rab1 Rac8 18. Qb3 Red8 19. a4 Ba8 20. a5 bxa5 21. bxa5 c5 22. dxc5 Rxc5 23. a6 Nd7 24. Nd4 Ne5 25. Ncb5 Nd3 26. Rxc5 Qxc5 27. h3 Qb6 28. Nf5 Nc5 29. Qc4 Ne6 30. Nc3 Qa5 31. Nd4 Nxd4 32. exd4 g6 33. Rd1 Rd6 34. d5 Kh7 35. Nxe4 Rxa6 36. d6 Bxe4 37. Qxf7+ 1-0

[Event "Prague Open 2025"]
[Site "Prague"]
[Date "2025.01.11"]
[Round "3.10"]
[White "Van der Werf, Joel"]
[Black "Sokhor, Nazar"]
[Result "0-1"]
[Annotator "RC"]
[ECO "C11"]
[WhiteElo "2075"]
[BlackElo "2265"]
[PlyCount "114"]
[EventDate "2025.01.07"]
[EventType "swiss"]
[EventCountry "CZE"]
[SourceTitle "playchess.com"]
[Source "ChessBase"]
[SourceQuality "1"]
[TimeControl "40/5400+30:1800+30"]

1. e4 e6 2. d4 d5 3. Nc3 Nf6 4. e5 Nfd7 5. f4 c5 6. Nf3 Nc6 7. Be3 Qb6 8. Na4 Qa5+ 9. c3 cxd4 10. b4 Qc7 11. Nxd4 a6 12. Nb2 Be7 13. Be2 g5 14. fxg5 Ncxe5 15. Qd2 Nb6 16. O-O Bd7 17. a4 Bd6 18. h3 Rf8 19. Nf3 Nec4 20. Nxc4 dxc4 21. Qc2 Nd5 22. Bd4 O-O-O 23. Nd2 e5 24. Bf2 Be7 25. Nxc4 Be6 26. a5 Bxg5 27. Nb6+ Kb8 28. Nxd5 Rxd5 29. Rad1 f5 30. c4 Rxd1 31. Rxd1 Rg8 32. Bc5 Be7 33. Bxe7 Qxe7 34. c5 Qg5 35. Bf1 f4 36. Qd3 Bc8 37. Re1 Ka8 38. Qc3 Re8 39. c6 e4 40. Kh1 Qe5 41. Qc4 Re6 42. Bd3 e3 43. cxb7+ Bxb7 44. Qc5 f3 45. Qxe5 fxg2+ 46. Kh2 Rxe5 47. Bxh7 Rg5 48. Bd3 Ka7 49. Be2 Rf5 50. Bd3 Rf2 51. Kg1 Rd2 52. Bc4 Bf3 53. Bb3 Rb2 54. Bf7 Rxb4 55. Ba2 Rd4 56. Bb3 Rd3 57. Ba2 e2 0-1

[Event "Prague Open 2025"]
[Site "Prague"]
[Date "2025.01.11"]
[Round "3.11"]
[White "Taborsky, Rostislav"]
[Black "Chan, Kim Yew"]
[Result "1/2-1/2"]
[Annotator "ChessBase"]
[ECO "D41"]
[WhiteElo "2069"]
[BlackElo "2258"]
[PlyCount "74"]
[EventDate "2025.01.07"]
[EventType "swiss"]
[EventCountry "CZE"]
[SourceTitle "playchess.com"]
[Source "ChessBase"]
[SourceQuality "1"]
[TimeControl "40/5400+30:1800+30"]

1. d4 Nf6 2. c4 e6 3. Nf3 d5 4. Nc3 c5 5. cxd5 Nxd5 6. e4 Nxc3 7. bxc3 cxd4 8. cxd4 Bb4+ 9. Bd2 Bxd2+ 10. Qxd2 O-O 11. h4 b6 12. h5 h6 13. Rd1 Bb7 14. Bd3 Nc6 15. Qe3 Nb4 16. Bb1 Ba6 17. Qb3 Qd6 18. Qa4 Bb7 19. O-O f5 20. d5 fxe4 21. dxe6 Nd3 22. Ne1 Nc5 23. Rxd6 Nxa4 24. Bc2 Nc5 25. f4 Rfd8 26. Rxd8+ Rxd8 27. f5 Rd2 28. Bb3 Nxb3 29. axb3 Bd5 30. e7 Bc6 31. f6 Kf7 32. fxg7+ Kxg7 33. Rf8 Rd1 34. Kf2 Rd2+ 35. Kg1 Rd1 36. Kf2 Rd2+ 37. Kg1 Rd1 1/2-1/2

[Event "Prague Open 2025"]
[Site "Prague"]
[Date "2025.01.11"]
[Round "3.12"]
[White "Tolmacevs, Artjoms"]
[Black "Llopis de Aysa, Manuel"]
[Result "1-0"]
[Annotator "RC"]
[ECO "C16"]
[WhiteElo "2252"]
[BlackElo "2031"]
[PlyCount "75"]
[EventDate "2025.01.07"]
[EventType "swiss"]
[EventCountry "CZE"]
[SourceTitle "playchess.com"]
[Source "ChessBase"]
[SourceQuality "1"]
[TimeControl "40/5400+30:1800+30"]

1. e4 e6 2. d4 d5 3. Nc3 Bb4 4. e5 Ne7 5. Bd2 Bxc3 6. Bxc3 b6 7. Qg4 O-O 8. h4 Ba6 9. Bxa6 Nxa6 10. Ne2 c5 11. Ng3 cxd4 12. Nh5 Nf5 13. Bd2 Qc7 14. O-O Kh8 15. Rac1 Nc5 16. Bf4 Qe7 17. Bg5 f6 18. Bf4 Nd7 19. exf6 gxf6 20. Rfe1 Rae8 21. Rcd1 Qf7 22. Ng3 Rg8 23. Qh3 Nxg3 24. Bxg3 e5 25. Qf5 Re7 26. c3 dxc3 27. bxc3 Rc8 28. Rd3 Rc4 29. Red1 Qg6 30. Qf3 e4 31. Qe3 Nc5 32. Rxd5 Qf7 33. h5 Na4 34. Rd8+ Re8 35. Bh4 Kg7 36. Qg3+ Kf8 37. R1d7 Rxd8 38. Rxd8+ 1-0

[Event "Prague Open 2025"]
[Site "Prague"]
[Date "2025.01.11"]
[Round "3.13"]
[White "Mensing, Adrian"]
[Black "Jaskolka, Tomasz"]
[Result "1-0"]
[Annotator "ChessBase"]
[ECO "C15"]
[WhiteElo "2028"]
[BlackElo "2210"]
[PlyCount "95"]
[EventDate "2025.01.07"]
[EventType "swiss"]
[EventCountry "CZE"]
[SourceTitle "playchess.com"]
[Source "ChessBase"]
[SourceQuality "1"]
[TimeControl "40/5400+30:1800+30"]

1. d4 e6 2. e4 d5 3. Nc3 Bb4 4. Nge2 dxe4 5. a3 Be7 6. Rg1 Nf6 7. g4 Nd5 8. Nxe4 b5 9. Nf4 a6 10. Bd3 Bb7 11. Nxd5 Qxd5 12. Be3 Nc6 13. Nc3 Qd6 14. Qf3 b4 15. axb4 Qxb4 16. Be4 Nd8 17. Bxb7 Qxb7 18. Qxb7 Nxb7 19. Ke2 Nd6 20. Kd3 h5 21. h3 hxg4 22. hxg4 Kd7 23. Na4 Nc8 24. c4 Nb6 25. Nc5+ Bxc5 26. dxc5 Nc8 27. Rh1 Rxh1 28. Rxh1 Ne7 29. Rh7 Rg8 30. Bd4 f6 31. f4 Ke8 32. b4 Kf7 33. Rh1 Ng6 34. Ke4 e5 35. fxe5 Re8 36. Rh5 c6 37. Bc3 Re7 38. Rf5 Re8 39. g5 Nxe5 40. Bxe5 Rxe5+ 41. Rxe5 fxe5 42. Kxe5 Ke7 43. Kd4 Ke6 44. Kc3 Ke5 45. b5 axb5 46. cxb5 cxb5 47. Kb4 Ke6 48. Kxb5 1-0

[Event "Prague Open 2025"]
[Site "Prague"]
[Date "2025.01.11"]
[Round "3.14"]
[White "Mueer, Sebastian"]
[Black "Jiricek, Jakub"]
[Result "1/2-1/2"]
[Annotator "RC"]
[ECO "D35"]
[WhiteElo "2192"]
[BlackElo "1968"]
[PlyCount "77"]
[EventDate "2025.01.07"]
[EventType "swiss"]
[EventCountry "CZE"]
[SourceTitle "playchess.com"]
[Source "ChessBase"]
[SourceQuality "1"]
[TimeControl "40/5400+30:1800+30"]

1. d4 d5 2. c4 e6 3. Nc3 Nf6 4. cxd5 exd5 5. Bg5 Be7 6. e3 O-O 7. Bd3 Nbd7 8. Nf3 Re8 9. O-O c6 10. Qc2 Nf8 11. h3 Ng6 12. Ne5 Nd7 13. Bxe7 Rxe7 14. f4 Ndf8 15. Rae1 Qe8 16. e4 f6 17. Nxg6 hxg6 18. Qf2 dxe4 19. Nxe4 Be6 20. Nc5 Bd5 21. Nxb7 Bxa2 22. f5 gxf5 23. Nd6 Qd7 24. Rxe7 Qxe7 25. Nxf5 Qd7 26. Re1 Re8 27. Rxe8 Qxe8 28. Qg3 Qd7 29. Be4 Bd5 30. Bxd5+ cxd5 31. Qg4 Qb7 32. h4 g6 33. h5 Qxb2 34. Ne7+ Kg7 35. Nxg6 Qb1+ 36. Kh2 Nxg6 37. Qd7+ Kh6 38. hxg6 Qxg6 39. Qxa7 1/2-1/2

[Event "Prague Open 2025"]
[Site "Prague"]
[Date "2025.01.11"]
[Round "3.15"]
[White "Verner, Matej"]
[Black "Moser, Axel"]
[Result "0-1"]
[Annotator "RC"]
[ECO "B13"]
[WhiteElo "1948"]
[BlackElo "2160"]
[PlyCount "68"]
[EventDate "2025.01.07"]
[EventType "swiss"]
[EventCountry "CZE"]
[SourceTitle "playchess.com"]
[Source "ChessBase"]
[SourceQuality "1"]
[TimeControl "40/5400+30:1800+30"]

1. e4 c6 2. d4 d5 3. exd5 cxd5 4. Bd3 Nc6 5. c3 e6 6. Bf4 Bd6 7. Bxd6 Qxd6 8. Nf3 Nge7 9. O-O O-O 10. Nbd2 f6 11. c4 Kh8 12. Re1 Bd7 13. cxd5 exd5 14. Qb1 g6 15. h4 Nb4 16. h5 Nxd3 17. Qxd3 Rae8 18. Rac1 gxh5 19. Nh4 Qf4 20. g3 Rg8 21. Ng6+ Rxg6 22. Qxg6 Qxd2 23. Qxf6+ Kg8 24. Red1 Qxb2 25. Qg5+ Ng6 26. Qxd5+ Be6 27. Qxh5 Rf8 28. f4 Qxa2 29. Rc7 Rf7 30. Rxf7 Bxf7 31. f5 Bd5 32. Qh3 Qe2 33. Rf1 Nf8 34. f6 Kf7 0-1

[Event "Prague Open 2025"]
[Site "Prague"]
[Date "2025.01.11"]
[Round "3.16"]
[White "Kulhanek, Tomas"]
[Black "Dyshliuk, Fedir"]
[Result "1-0"]
[Annotator "ChessBase"]
[ECO "B12"]
[WhiteElo "2313"]
[BlackElo "1941"]
[PlyCount "87"]
[EventDate "2025.01.07"]
[EventType "swiss"]
[EventCountry "CZE"]
[SourceTitle "playchess.com"]
[Source "ChessBase"]
[SourceQuality "1"]
[TimeControl "40/5400+30:1800+30"]

1. e4 c6 2. d4 d5 3. e5 c5 4. dxc5 e6 5. Nf3 Bxc5 6. Bd3 h6 7. O-O Ne7 8. Nbd2 Nbc6 9. Nb3 Bb6 10. Re1 O-O 11. Be3 Qc7 12. Bxb6 Qxb6 13. Qd2 Bd7 14. c3 a5 15. Nbd4 Nxd4 16. Nxd4 f6 17. Bc2 fxe5 18. Rxe5 Rf6 19. Kh1 Raf8 20. f3 Ng6 21. Bxg6 Rxg6 22. Rae1 Qd6 23. Qe3 Re8 24. h3 Qb6 25. Re2 Bb5 26. Nxe6 d4 27. Qe4 Rf6 28. Qd5 Kh8 29. Qxb5 Qxb5 30. Rxb5 Rfxe6 31. Rxe6 Rxe6 32. cxd4 b6 33. Kg1 Kg8 34. Kf2 Kf7 35. Rf5+ Kg6 36. Re5 Rd6 37. d5 Kf6 38. f4 g5 39. Kf3 b5 40. Re6+ Rxe6 41. dxe6 Kxe6 42. fxg5 hxg5 43. Kg4 Kf6 44. h4 1-0

[Event "Prague Open 2025"]
[Site "Prague"]
[Date "2025.01.11"]
[Round "3.17"]
[White "Pourquet, Matthieu"]
[Black "Piotraschke, Jens"]
[Result "1-0"]
[Annotator "RC"]
[ECO "A18"]
[WhiteElo "2262"]
[BlackElo "2048"]
[PlyCount "63"]
[EventDate "2025.01.07"]
[EventType "swiss"]
[EventCountry "CZE"]
[SourceTitle "playchess.com"]
[Source "ChessBase"]
[SourceQuality "1"]
[TimeControl "40/5400+30:1800+30"]

1. c4 Nf6 2. Nc3 e6 3. e4 d5 4. cxd5 exd5 5. e5 Ne4 6. Nf3 c6 7. d3 Nxc3 8. bxc3 Be7 9. d4 b5 10. Bd3 Bg4 11. O-O Nd7 12. h3 Be6 13. Ne1 Qb6 14. f4 g6 15. Nf3 h5 16. Be3 O-O-O 17. a4 a6 18. Qe2 Kc7 19. Rfb1 Rb8 20. Nd2 Kd8 21. Kh1 Qb7 22. c4 dxc4 23. Bxc4 Bxc4 24. Nxc4 Qc7 25. axb5 axb5 26. Na5 Ra8 27. Bd2 b4 28. Nc4 Rxa1 29. Rxa1 Re8 30. Ra8+ Nb8 31. Na5 b3 32. Rxb8+ 1-0

[Event "Prague Open 2025"]
[Site "Prague"]
[Date "2025.01.11"]
[Round "3.18"]
[White "Zhukovskyi, Oleksandr"]
[Black "Amonov, Daler"]
[Result "1-0"]
[Annotator "RC"]
[ECO "B40"]
[WhiteElo "2162"]
[BlackElo "2004"]
[PlyCount "151"]
[EventDate "2025.01.07"]
[EventType "swiss"]
[EventCountry "CZE"]
[SourceTitle "playchess.com"]
[Source "ChessBase"]
[SourceQuality "1"]
[TimeControl "40/5400+30:1800+30"]

1. e4 c5 2. Nf3 e6 3. c4 d5 4. cxd5 exd5 5. exd5 a6 6. Qa4+ Nd7 7. d4 Ngf6 8. Nc3 Bd6 9. dxc5 Bxc5 10. Be2 O-O 11. O-O b5 12. Nxb5 Nb6 13. Qc2 Bxf2+ 14. Rxf2 axb5 15. Bxb5 Nbxd5 16. Bg5 Bb7 17. Bc4 Qb6 18. Bxf6 Nxf6 19. Kh1 Rae8 20. Rff1 Ng4 21. Qb3 Qc7 22. Bd5 Bxd5 23. Qxd5 Ne3 24. Qd3 Nxf1 25. Rxf1 h6 26. b4 Qa7 27. Qc4 Ra8 28. Ra1 Qf2 29. Qb3 Rae8 30. a4 Re2 31. Rg1 Rc8 32. Qd5 Rc1 33. Qd8+ Kh7 34. Qd3+ g6 35. Qxe2 Qxe2 36. Rxc1 Qb2 37. Rf1 Qxb4 38. Ne5 f5 39. Nf3 Qxa4 40. h4 Kg7 41. Rb1 Qc6 42. Ra1 Kf6 43. Ra7 Qc1+ 44. Kh2 g5 45. Ra6+ Kg7 46. Ra7+ Kf8 47. Ra8+ Ke7 48. Ra7+ Kd8 49. Ra8+ Kc7 50. hxg5 hxg5 51. Ra5 Qf4+ 52. Kg1 g4 53. Ne1 g3 54. Rc5+ Kb6 55. Rc2 Kb5 56. Rc5+ Ka4 57. Rc2 Qd4+ 58. Kf1 Kb3 59. Re2 Qh4 60. Re3+ Kc4 61. Nf3 Qf4 62. Re1 Qh6 63. Re5 Qb6 64. Re2 Kc3 65. Ne1 Qh6 66. Nf3 Qh1+ 67. Ng1 Kd3 68. Re6 Qh8 69. Nf3 Qh1+ 70. Ng1 f4 71. Re2 Qh8 72. Re1 Qd4 73. Rd1+ Ke3 74. Rxd4 Kxd4 75. Ke2 Ke4 76. Nh3 1-0

[Event "Prague Open 2025"]
[Site "Prague"]
[Date "2025.01.11"]
[Round "3.19"]
[White "Mannion, Stephen R"]
[Black "Kapolkova, Greta"]
[Result "1-0"]
[Annotator "RC"]
[ECO "B93"]
[WhiteElo "2159"]
[BlackElo "1926"]
[PlyCount "39"]
[EventDate "2025.01.07"]
[EventType "swiss"]
[EventCountry "CZE"]
[SourceTitle "playchess.com"]
[Source "ChessBase"]
[SourceQuality "1"]
[TimeControl "40/5400+30:1800+30"]

1. e4 c5 2. Nf3 d6 3. d4 cxd4 4. Nxd4 Nf6 5. Nc3 a6 6. f4 Qc7 7. f5 b5 8. g4 Nc6 9. Nxc6 Qxc6 10. Bg2 g6 11. g5 Nd7 12. O-O Ne5 13. Nd5 Bd7 14. Be3 Rc8 15. Rc1 Rb8 16. b3 Qc8 17. Bd4 gxf5 18. exf5 Bxf5 19. Bxe5 dxe5 20. Rxf5 1-0

[Event "Prague Open 2025"]
[Site "Prague"]
[Date "2025.01.11"]
[Round "3.20"]
[White "Rindhiya V"]
[Black "Fizerova, Lucie"]
[Result "1-0"]
[Annotator "RC"]
[ECO "C11"]
[WhiteElo "1999"]
[BlackElo "2144"]
[PlyCount "143"]
[EventDate "2025.01.07"]
[EventType "swiss"]
[EventCountry "CZE"]
[SourceTitle "playchess.com"]
[Source "ChessBase"]
[SourceQuality "1"]
[TimeControl "40/5400+30:1800+30"]

1. e4 e6 2. d4 d5 3. Nc3 Nf6 4. Bg5 h6 5. Bxf6 Qxf6 6. exd5 Bb4 7. dxe6 Bxe6 8. Nf3 O-O 9. Be2 c5 10. O-O Bxc3 11. bxc3 Rd8 12. Qb1 Nc6 13. Qxb7 Bd5 14. Qa6 cxd4 15. cxd4 Rd6 16. Qd3 Re8 17. c3 Rde6 18. Qb5 Qd8 19. Bc4 Ne7 20. Ne5 Qa8 21. Rfe1 Bxc4 22. Qxc4 Nd5 23. Qd3 f6 24. Nf3 Nf4 25. Qc4 Kh8 26. Rxe6 Rxe6 27. Rd1 Qe4 28. Qf1 Qg6 29. Kh1 Re2 30. Rd2 Re4 31. d5 Re8 32. d6 Rd8 33. c4 Qf5 34. Rd4 Rb8 35. d7 Ne6 36. Rd1 Rd8 37. Qe2 Kh7 38. Nh4 Qe5 39. Qd3+ Kg8 40. Ng6 Qc5 41. Qe4 Kf7 42. f4 f5 43. Ne5+ Kf6 44. Qd5 Qxd5 45. Rxd5 Nxf4 46. Nc6 Nxd5 47. Nxd8 Nb6 48. Nc6 Nxd7 49. Nxa7 Nc5 50. Nc6 g5 51. Kg1 f4 52. Kf2 Kf5 53. Nd4+ Ke4 54. Nb3 Nd3+ 55. Ke2 g4 56. c5 f3+ 57. gxf3+ gxf3+ 58. Kf1 Ne5 59. h3 Ke3 60. Na5 Nd7 61. c6 Nb6 62. c7 f2 63. Nb3 Kf3 64. Nd4+ Kg3 65. Nf5+ Kf3 66. Nd4+ Kg3 67. a4 Nc4 68. c8=Q Ne3+ 69. Ke2 f1=Q+ 70. Kxe3 Qe1+ 71. Ne2+ Kh2 72. Qg4 1-0

[Event "Prague Open 2025"]
[Site "Prague"]
[Date "2025.01.11"]
[Round "3.21"]
[White "Topencik, Bruno"]
[Black "Arndt, Stefan"]
[Result "1-0"]
[Annotator "NA"]
[ECO "B12"]
[WhiteElo "1985"]
[BlackElo "2132"]
[PlyCount "69"]
[EventDate "2025.01.07"]
[EventType "swiss"]
[EventCountry "CZE"]
[SourceTitle "playchess.com"]
[Source "ChessBase"]
[SourceQuality "1"]
[TimeControl "40/5400+30:1800+30"]

1. e4 c6 2. d4 d5 3. e5 Bf5 4. c4 e6 5. Nc3 Ne7 6. a3 dxc4 7. Bxc4 Nd7 8. Nge2 Nb6 9. Bb3 Qd7 10. O-O O-O-O 11. Be3 h6 12. a4 Nbd5 13. a5 Bg4 14. Qd2 Bxe2 15. Qxe2 Kb8 16. Bc2 g5 17. Ne4 Nf5 18. Rfd1 Qc7 19. Ng3 Ndxe3 20. fxe3 Nxg3 21. hxg3 h5 22. a6 b6 23. Rac1 Bb4 24. Be4 c5 25. Rf1 f5 26. exf6 Qxg3 27. Rcd1 cxd4 28. Rxd4 Bc5 29. Rfd1 Bxd4 30. exd4 Qf4 31. Rf1 Qd6 32. Rd1 e5 33. Bf3 Rd7 34. Qe4 Qxf6 35. Rc1 1-0

[Event "Prague Open 2025"]
[Site "Prague"]
[Date "2025.01.12"]
[Round "4.1"]
[White "Vardanyan, Aras"]
[Black "Harshavardhan G B"]
[Result "0-1"]
[Annotator "RC"]
[ECO "A20"]
[WhiteElo "2312"]
[BlackElo "2405"]
[PlyCount "82"]
[EventDate "2025.01.07"]
[EventType "swiss"]
[EventCountry "CZE"]
[SourceTitle "playchess.com"]
[Source "ChessBase"]
[SourceQuality "1"]
[TimeControl "40/5400+30:1800+30"]

1. c4 e5 2. g3 Nf6 3. Bg2 c6 4. Nf3 e4 5. Nd4 d5 6. cxd5 cxd5 7. d3 Be7 8. Nc3 exd3 9. Qxd3 Nc6 10. O-O O-O 11. Bf4 Be6 12. Rfd1 Rc8 13. Nxe6 fxe6 14. Bh3 Qd7 15. e4 d4 16. Ne2 Kf7 17. e5 Nd5 18. Qf3 Bc5 19. Rac1 Bb6 20. Qg4 Rce8 21. a3 Kg8 22. Bg2 Qf7 23. Be4 Re7 24. Qh4 g6 25. Qg5 Qg7 26. Kg2 Ref7 27. f3 Rf5 28. Qg4 h5 29. Qh3 g5 30. Bxf5 Rxf5 31. Qxh5 gxf4 32. Qe8+ Kh7 33. Qxe6 Ne3+ 34. Kh1 Rxe5 35. Qh3+ Qh6 36. Qxh6+ Kxh6 37. gxf4 Nxd1 38. fxe5 d3 39. Nc3 Nxc3 40. bxc3 Nxe5 41. f4 Nc4 0-1

[Event "Prague Open 2025"]
[Site "Prague"]
[Date "2025.01.12"]
[Round "4.2"]
[White "Senthil Maran K"]
[Black "Radzimski, Antoni"]
[Result "1/2-1/2"]
[Annotator "RC"]
[ECO "E10"]
[WhiteElo "2398"]
[BlackElo "2289"]
[PlyCount "65"]
[EventDate "2025.01.07"]
[EventType "swiss"]
[EventCountry "CZE"]
[SourceTitle "playchess.com"]
[Source "ChessBase"]
[SourceQuality "1"]
[TimeControl "40/5400+30:1800+30"]

1. d4 Nf6 2. c4 e6 3. Nf3 d5 4. g3 Bb4+ 5. Nbd2 O-O 6. Bg2 b6 7. O-O Bb7 8. b3 Nbd7 9. Bb2 Be7 10. Rc1 c5 11. cxd5 Bxd5 12. Nc4 Rc8 13. Nfe5 Bxg2 14. Kxg2 cxd4 15. Qxd4 Nxe5 16. Qxd8 Rcxd8 17. Nxe5 Rd2 18. Nc4 Rd5 19. Rc2 Rc8 20. Rfc1 Kf8 21. Ne5 Rxc2 22. Rxc2 Rc5 23. Rxc5 Bxc5 24. Nd3 Be7 25. Kf3 Nd7 26. e4 g6 27. Bd4 Bd6 28. e5 Be7 29. a4 Nb8 30. b4 Nc6 31. Bc3 a6 32. Ke4 Ke8 33. g4 1/2-1/2

[Event "Prague Open 2025"]
[Site "Prague"]
[Date "2025.01.12"]
[Round "4.3"]
[White "Sokhor, Nazar"]
[Black "Jain Kashish Manoj"]
[Result "1/2-1/2"]
[Annotator "RC"]
[ECO "D02"]
[WhiteElo "2265"]
[BlackElo "2363"]
[PlyCount "53"]
[EventDate "2025.01.07"]
[EventType "swiss"]
[EventCountry "CZE"]
[SourceTitle "playchess.com"]
[Source "ChessBase"]
[SourceQuality "1"]
[TimeControl "40/5400+30:1800+30"]

1. d4 d5 2. Nf3 Nf6 3. c4 c6 4. Qb3 dxc4 5. Qxc4 Bg4 6. Qb3 Qb6 7. Nc3 Nbd7 8. Bf4 e6 9. e3 Qxb3 10. axb3 Bb4 11. Rc1 c5 12. Ne5 cxd4 13. Nxg4 Nxg4 14. exd4 Ngf6 15. Be2 Nd5 16. Bd2 N7b6 17. Bf3 Kd7 18. Ke2 Bd6 19. Ne4 Ke7 20. Nc5 Bxc5 21. dxc5 Nd7 22. Bxd5 exd5 23. Rhe1 Nf6 24. b4 a6 25. c6 bxc6 26. Rxc6 Kd7 27. Rc5 1/2-1/2

[Event "Prague Open 2025"]
[Site "Prague"]
[Date "2025.01.12"]
[Round "4.4"]
[White "Lewtak, Damian"]
[Black "Tolmacevs, Artjoms"]
[Result "1/2-1/2"]
[Annotator "RC"]
[ECO "A36"]
[WhiteElo "2359"]
[BlackElo "2252"]
[PlyCount "59"]
[EventDate "2025.01.07"]
[EventType "swiss"]
[EventCountry "CZE"]
[SourceTitle "playchess.com"]
[Source "ChessBase"]
[SourceQuality "1"]
[TimeControl "40/5400+30:1800+30"]

1. c4 c5 2. g3 g6 3. Bg2 Bg7 4. Nc3 Nc6 5. e3 e5 6. Nge2 Nge7 7. a3 O-O 8. Rb1 a5 9. d3 d6 10. O-O Rb8 11. Nd5 Nxd5 12. Bxd5 Bh3 13. Re1 Ne7 14. Bg2 Bxg2 15. Kxg2 d5 16. Qb3 dxc4 17. Qxc4 Qd6 18. a4 Rfd8 19. Rd1 Qd5+ 20. Qxd5 Rxd5 21. e4 Rd7 22. Be3 b6 23. Rd2 Rbd8 24. Rbd1 Nc6 25. Kf1 Nb4 26. Nc1 f5 27. f3 Kf7 28. Ke2 Ke6 29. g4 f4 30. Bf2 1/2-1/2

[Event "Prague Open 2025"]
[Site "Prague"]
[Date "2025.01.12"]
[Round "4.5"]
[White "Moser, Axel"]
[Black "Horak, Martin"]
[Result "0-1"]
[Annotator "RC"]
[ECO "D32"]
[WhiteElo "2160"]
[BlackElo "2357"]
[PlyCount "90"]
[EventDate "2025.01.07"]
[EventType "swiss"]
[EventCountry "CZE"]
[SourceTitle "playchess.com"]
[Source "ChessBase"]
[SourceQuality "1"]
[TimeControl "40/5400+30:1800+30"]

1. d4 d5 2. c4 e6 3. Nc3 c5 4. e3 Nf6 5. Nf3 a6 6. a3 dxc4 7. Bxc4 b5 8. Be2 Bb7 9. O-O Nbd7 10. dxc5 Nxc5 11. b4 Qxd1 12. Rxd1 Nb3 13. Rb1 Nxc1 14. Rdxc1 Bd6 15. a4 bxa4 16. Nxa4 Be4 17. Rb2 a5 18. Nb6 Rd8 19. Rd2 Bxf3 20. Bxf3 axb4 21. Kf1 O-O 22. Ke2 Be5 23. Rb1 Bc3 24. Rc2 g5 25. h3 h5 26. g3 g4 27. hxg4 hxg4 28. Bg2 Rd6 29. Na4 Rfd8 30. Nxc3 bxc3 31. Rxc3 Rd2+ 32. Kf1 Ra2 33. Kg1 Rdd2 34. Rf1 Kg7 35. Rcc1 Nd7 36. Rcd1 Ne5 37. Rxd2 Rxd2 38. Bb7 f5 39. Kg2 Kf6 40. Rh1 Nd3 41. Rf1 Ra2 42. Bc6 Rb2 43. e4 f4 44. gxf4 Nxf4+ 45. Kg1 Kg5 0-1

[Event "Prague Open 2025"]
[Site "Prague"]
[Date "2025.01.12"]
[Round "4.6"]
[White "Lalic, Bogdan"]
[Black "Mensing, Adrian"]
[Result "1/2-1/2"]
[Annotator "RC"]
[ECO "E91"]
[WhiteElo "2321"]
[BlackElo "2028"]
[PlyCount "35"]
[EventDate "2025.01.07"]
[EventType "swiss"]
[EventCountry "CZE"]
[SourceTitle "playchess.com"]
[Source "ChessBase"]
[SourceQuality "1"]
[TimeControl "40/5400+30:1800+30"]

1. Nf3 Nf6 2. c4 g6 3. Nc3 Bg7 4. e4 d6 5. d4 O-O 6. Be2 Nbd7 7. O-O e5 8. Be3 Qe7 9. Qc2 c6 10. Rad1 h6 11. h3 exd4 12. Rxd4 Nc5 13. b4 Ne6 14. Rd2 a5 15. b5 Nc5 16. Bxc5 dxc5 17. bxc6 bxc6 18. Rfd1 1/2-1/2